 Dungeon Crawl Stone Soup version 0.22.1-2-g9c5b331383 (webtiles) character file.

149 Jerry the Covered (level 5, -5/36 HPs)
             Began as a Halfling Fighter on Nov 28, 2018.
             Succumbed to kobold's curare-tipped needle
             ... on level 3 of the Dungeon.
             The game lasted 00:03:48 (2025 turns).

Jerry the Covered (Halfling Fighter)                Turns: 2025, Time: 00:03:49

Health: -5/36      AC:  8    Str: 18    XL:     5   Next: 56%
Magic:  5/5        EV: 12    Int:  9    God:
Gold:   214        SH:  0    Dex: 14    Spells: 4/4 levels left

rFire    . . .     SeeInvis .   a - +0 long sword
rCold    . . .     Gourm    .   (shield restricted)
rNeg     . . .     Faith    .   b - +0 scale mail
rPois    .         Spirit   .   n - +0 helmet
rElec    .         Reflect  .   (no cloak)
rCorr    .         Harm     .   (no gloves)
MR       .....                  (no boots)
Stlth    +.........             (no amulet)
HPRegen  0.12/turn              m - +3 ring of intelligence
MPRegen  0.09/turn              (no ring)

@: lethally poisoned (-5 -> -47), slowed, very slow
A: small, mutation resistance 1
a: no special abilities


You were on level 3 of the Dungeon.
You were not hungry.

You visited 1 branch of the dungeon, and saw 3 of its levels.

You collected 214 gold pieces.

Inventory:

Hand Weapons
 a - a +0 long sword (weapon)
 o - a +0 dagger of draining
Armour
 b - a +0 scale mail (worn)
 c - a +0 shield
 n - a +0 helmet (worn)
Jewellery
 m - a +3 ring of intelligence (left hand)
 q - an uncursed amulet of regeneration {unknown}
Scrolls
 e - 3 scrolls of remove curse {unknown}
 g - 2 scrolls of blinking {unknown}
 i - a scroll of teleportation {unknown}
 j - 3 scrolls of identify {unknown}
 r - a scroll of random uselessness {unknown}
 s - a scroll of magic mapping {unknown}
Potions
 d - 2 potions of might
 h - a potion of flight {unknown}
 k - a potion of resistance {unknown}
 l - a potion of curing {unknown}
 p - a potion of brilliance {unknown}
Comestibles
 f - 5 rations
 t - 6 chunks of flesh


   Skills:
 + Level 3.3 Fighting
 + Level 2.9 Long Blades
 + Level 4.1 Armour
 + Level 2.0 Dodging
 + Level 2.2 Stealth
 - Level 3.2 Shields


You had 4 spell levels left.
You didn't know any spells.
Your spell library was empty.

Dungeon Overview and Level Annotations

Branches:
Dungeon (3/15)

Altars:


Innate Abilities, Weirdness & Mutations

You are small and have problems with some larger weapons.
You are somewhat resistant to further mutation.


Message History

You are too injured to fight recklessly!
You are too injured to fight recklessly!
You are too injured to fight recklessly!
You are too injured to fight recklessly!
You are too injured to fight recklessly!
You feel very sick.
The kobold shoots a curare-tipped needle.
The curare-tipped needle hits you.
You are more poisoned.
You have difficulty breathing.
* * * LOW HITPOINT WARNING * * *
You feel as though you will be slow longer.
You see here a curare-tipped needle.
* * * LOW HITPOINT WARNING * * *
You feel very sick. The kobold hits you with a blowgun.
* * * LOW HITPOINT WARNING * * *
The kobold closely misses you.
You closely miss the kobold.
You die...

#..#########
#....)......
#.#.#..###.#
#.....## #..
###.### ###
#.#
###########.#
#....##.....#
+$K@(('..(..#
####
#....##....##
#...
#######....#
#.## ######
#.# #)## #.##
#.## #.##
############
#.##


You could see a kobold.

Vanquished Creatures
  Robin (D:1)
  3 adders
  3 gnolls
  A worm (D:2)
  2 dart slugs (D:1)
  3 leopard geckos (D:1)
  A giant cockroach (D:1)
  22 goblins
  8 hobgoblins
  2 jackals (D:3)
  5 kobolds
  A quokka (D:2)
  9 bats
  3 frilled lizards (D:1)
  2 rats (D:1)
66 creatures vanquished.

Notes
Turn   | Place    | Note
-------+----------+-------------------------------------------
     0 | D:1      | Jerry the Halfling Fighter began the quest for the Orb.
     0 | D:1      | Reached XP level 1. HP: 15/15 MP: 1/1
    67 | D:1      | Reached XP level 2. HP: 18/20 MP: 2/2
   170 | D:1      | Reached skill level 1 in Stealth
   244 | D:1      | Reached XP level 3. HP: 25/25 MP: 3/3
   258 | D:1      | Reached skill level 1 in Dodging
   953 | D:2      | Reached XP level 4. HP: 31/31 MP: 4/4
   966 | D:2      | Noticed Robin
  1079 | D:1      | Killed Robin
  1413 | D:2      | Reached XP level 5. HP: 36/36 MP: 5/5
  1770 | D:3      | Reached skill level 4 in Armour
  2024 | D:3      | HP: 1/36 [kobold/blowgun (3)]
  2025 | D:3      | Succumbed to kobold's curare-tipped needle

Skill      XL: |  1  2  3  4  5 |
---------------+----------------+-----
Stealth        | 1 2 |  2.2
Dodging        | 1 2 |  2.0
Fighting       | 3 |  3.3
Armour         | 4 |  4.1
Long Blades    | |  2.9
Shields        | |  3.2

Action                   |  1- 3 |  4- 6 || total
-------------------------+-------+-------++-------
Melee: Long sword        |    80 |   115 ||   195
  Eat: Chunk             |       |     4 ||     4
Armor: Scale mail        |    30 |    66 ||    96
Dodge: Dodged            |    58 |   122 ||   180
       Rpst.: Long sword |    24 |    34 ||    58
